Blackhawks vs Jets
Created - 7 mars 2017 at 20:23
Goals
|
Blackhawks |
2 |
0 |
1 |
3 |
Jets |
1 |
0 |
0 |
1 |
|
Shots
|
Blackhawks |
13 |
6 |
6 |
25 |
Jets |
14 |
12 |
9 |
35 |
|
1st period
1. Blackhawks , Patrick Kane 32 (Derick Brassard, Joni Pitkanen) at 11:35
2. Jets , Michael Rupp 17 (Mikko Koivu) at 11:49
3. Blackhawks , Jonathan Toews 20 (Ryan Hollweg, Joni Pitkanen) at 16:37
Penalties :
Blake Wheeler (Win) for Holding Stick (Minor) at 0:17, Benoit Pouliot (Win) for Holding (Minor) at 19:57
2nd period
No Goal
Penalties :
Peter Regin (Chi) for Holding (Minor) at 2:40, Derick Brassard (Chi) for Hooking (Minor) at 6:07, Jussi Jokinen (Win) for Unsportsmanlike conduct (Minor) at 14:13, Kurt Sauer (Chi) for Hooking (Minor) at 0:00
3rd period
4. Blackhawks , Patrick Kaleta 12 (Peter Regin, Tomas Fleischmann) at 6:53 (PP)
Penalties :
Dustin Brown (Win) for Tripping (Minor) at 6:01
Goalie Stats
Jimmy Howard (Chi), 34 saves from 35 shots - (0,971), W, 28-15-3, 60:00 minutes
Jacob Markstrom (Win), 22 saves from 25 shots - (0,880), L, 8-5-3, 60:00 minutes
Players Stats for Blackhawks
Player Name G A P +/- PIM S H SB GA TA FO MP PP MP PK MP
------------------------------------------------------------------------------------
Antoine Roussel 0 0 0 1 0 1 0 0 1 0 2/2 19:30 3:09 0:00
Brendan Bell 0 0 0 0 0 0 2 1 0 1 0/0 20:44 0:40 3:07
Brian Sutherby 0 0 0 0 0 0 0 0 0 0 1/3 6:50 0:00 0:00
Carson Mcmillan 0 0 0 0 0 1 0 0 0 0 0/0 6:50 0:00 0:00
Dave Tanabe 0 0 0 0 0 0 4 2 0 0 0/0 17:39 1:38 1:11
Denis Grebeshkov 0 0 0 -1 0 0 0 2 0 0 0/0 5:17 1:02 0:00
Derick Brassard 0 1 1 1 2 2 1 1 0 0 14/24 22:12 3:09 2:12
Ian White 0 0 0 2 0 1 4 2 0 0 0/0 26:59 3:29 2:51
Jason Pominville 0 0 0 0 0 1 1 0 0 0 1/2 15:57 3:25 1:15
Jonathan Toews 1 0 1 0 0 1 1 0 0 0 7/17 17:25 3:25 1:59
Joni Pitkanen 0 2 2 2 0 2 1 1 0 0 0/0 27:29 3:29 2:51
Kurt Sauer 0 0 0 -1 2 2 1 1 0 0 0/0 19:16 3:20 1:56
Oleg Saprykin 0 0 0 0 0 2 0 0 1 0 0/0 8:18 0:00 1:23
Patrick Kaleta 1 0 1 0 0 3 2 0 0 0 0/1 14:10 0:14 1:24
Patrick Kane 1 0 1 1 0 7 2 1 1 0 1/4 23:57 3:10 3:15
Peter Regin 0 1 1 0 2 1 2 1 0 0 2/7 13:04 0:15 0:00
Ryan Hollweg 0 1 1 0 0 1 3 0 0 0 1/2 15:20 3:25 0:28
Tomas Fleischmann 0 1 1 0 0 0 0 0 0 0 0/0 13:03 0:15 0:00
Players Stats for Jets
Player Name G A P +/- PIM S H SB GA TA FO MP PP MP PK MP
------------------------------------------------------------------------------------
Anton Volchenkov 0 0 0 -1 0 0 1 1 0 0 0/0 21:33 3:18 2:38
Benoit Pouliot 0 0 0 -2 2 3 5 0 0 0 0/0 19:54 2:59 1:03
Blake Wheeler 0 0 0 -2 2 5 0 0 1 2 0/0 20:25 2:56 2:03
Derek Roy 0 0 0 -2 0 3 4 0 0 0 12/27 21:46 2:55 3:05
Derek Stepan 0 0 0 0 0 3 2 0 0 0 4/7 12:53 2:56 0:00
Dmitri Kalinin 0 0 0 -1 0 2 1 2 0 0 0/0 21:51 3:13 4:11
Dustin Brown 0 0 0 1 2 2 1 0 0 0 0/1 19:06 2:59 2:16
Eric Fehr 0 0 0 0 0 2 0 1 0 0 0/0 10:15 0:03 0:00
Eric Gelinas 0 0 0 -1 0 0 0 0 0 0 0/0 14:55 0:05 0:00
Fredrik Sjostrom 0 0 0 0 0 2 0 1 0 0 0/0 9:33 0:03 1:23
James Wright 0 0 0 0 0 2 0 0 0 0 0/2 7:15 0:00 0:00
Jussi Jokinen 0 0 0 0 2 2 1 0 0 0 0/1 12:52 2:56 0:00
Lee Stempniak 0 0 0 0 0 0 0 0 0 0 0/0 7:15 0:00 0:00
Marco Scandella 0 0 0 1 0 2 0 0 0 0 0/0 19:16 2:40 0:00
Michael Rupp 1 0 1 1 0 4 0 0 0 0 1/1 16:02 0:00 2:06
Michal Rozsival 0 0 0 1 0 1 1 1 0 1 0/0 21:17 2:40 2:38
Mikko Koivu 0 1 1 1 0 2 3 0 0 0 16/23 16:04 0:07 1:42
Tyler Myers 0 0 0 -1 0 0 2 2 0 0 0/0 20:55 0:00 4:11
3 Stars
1 - Jimmy Howard (Chi)
2 - Joni Pitkanen (Chi)
3 - Patrick Kane (Chi)
Power Play
Blackhawks - 1 on 4 Attempt(s) - 25,00%
Jets - 0 on 3 Attempt(s) - 0,00%
Penalty Kill
Blackhawks - 3 on 3 Attempt(s) - 100,00%
- Score 0 goal in Penalty Kill
Jets - 3 on 4 Attempt(s) - 75,00%
- Score 0 goal in Penalty Kill
Team Stat
Blackhawks - Hits : 24 - Faceoff Wins : 29 - Blocked Shots : 12 - Penalty Minutes : 6
Jets - Hits : 21 - Faceoff Wins : 33 - Blocked Shots : 8 - Penalty Minutes : 8
Official
Referees : Dwyer Gord and O'Halloran Dan
Linesman : Michel Cormier and Jay Sharrers
Game Notes
Denis Grebeshkov is injured at 16:21 of 1st period (Facial Surgery)
Finance
Level 1 -- Attendance: 6000 (100,00%) -- Ticket Income 450 000 $
Level 2 -- Attendance: 4511 (90,22%) -- Ticket Income 225 550 $
Level 3 -- Attendance: 1895 (94,75%) -- Ticket Income 47 375 $
Level 4 -- Attendance: 3764 (94,10%) -- Ticket Income 67 752 $
Luxury Box -- Attendance: 870 (87,00%) -- Ticket Income 139 200 $
Game was played at the MTS Center.
Total Attendance: 17040 (94,67%)
Total Ticket Income: 929 877 $
Other Income: 139 482 $
Total Income: 1 069 359 $
Blackhawks
5 vs 5 Forward
Center Left Wing Right Wing Time % Phy DF OF
1 Derick Brassard Antoine Roussel Patrick Kane 40 1 2 2
2 Jonathan Toews Ryan Hollweg Jason Pominville 30 1 2 2
3 Peter Regin Tomas Fleischmann Patrick Kaleta 20 1 2 2
4 Brian Sutherby Oleg Saprykin Carson Mcmillan 10 1 2 2
5 vs 5 Defense
Defense Defense Time % Phy DF OF
1 Ian White Joni Pitkanen 40 1 2 2
2 Kurt Sauer Denis Grebeshkov 30 1 2 2
3 Dave Tanabe Brendan Bell 20 1 2 2
4 Ian White Joni Pitkanen 10 1 2 2
PowerPlay Forward
Center Left Wing Right Wing Time % Phy DF OF
1 Derick Brassard Antoine Roussel Patrick Kane 60 1 2 2
2 Jonathan Toews Ryan Hollweg Jason Pominville 40 1 2 2
PowerPlay Defense
Defense Defense Time % Phy DF OF
1 Ian White Joni Pitkanen 60 1 2 2
2 Kurt Sauer Denis Grebeshkov 40 1 2 2
Penalty Kill 4 Players Forward
Center Wing Time % Phy DF OF
1 Patrick Kane Derick Brassard 60 1 2 2
2 Jason Pominville Jonathan Toews 40 1 2 2
Penalty Kill 4 Players Defense
Defense Defense Time % Phy DF OF
1 Ian White Joni Pitkanen 60 1 2 2
2 Kurt Sauer Denis Grebeshkov 40 1 2 2
Penalty Kill - 3 Players Forward
Forward Time % Phy DF OF
1 Patrick Kane 60 1 2 2
2 Derick Brassard 40 1 2 2
Penalty Kill - 3 Players Defense
Defense Defense Time % Phy DF OF
1 Ian White Joni Pitkanen 60 1 2 2
2 Kurt Sauer Denis Grebeshkov 40 1 2 2
4 vs 4 Forward
Center Wing Time % Phy DF OF
1 Patrick Kane Derick Brassard 60 1 2 2
2 Jason Pominville Jonathan Toews 40 1 2 2
4 vs 4 Defense
Defense Defense Time % Phy DF OF
1 Ian White Joni Pitkanen 60 1 2 2
2 Kurt Sauer Denis Grebeshkov 40 1 2 2
Last Minutes Offensive
Center Left Wing Right Wing Defense Defense
Derick Brassard Antoine Roussel Patrick Kane Ian White Joni Pitkanen
Last Minutes Defensive
Center Left Wing Right Wing Defense Defense
Derick Brassard Antoine Roussel Patrick Kane Ian White Joni Pitkanen
Goaltenders
Starting : Jimmy Howard
Backup : Al Montoya
Extra Forwards
Normal : Tomas Fleischmann, Peter Regin, Patrick Kaleta - PP : Tomas Fleischmann, Peter Regin - PK : Patrick Kaleta
Extra Defensemen
Normal : Dave Tanabe, Brendan Bell, Kurt Sauer - PP : Dave Tanabe - PK : Brendan Bell, Kurt Sauer
Penalty Shots
Patrick Kane, Derick Brassard, Jason Pominville, Jonathan Toews, Antoine Roussel
Jets
5 vs 5 Forward
Center Left Wing Right Wing Time % Phy DF OF
1 Derek Roy Benoit Pouliot Blake Wheeler 38 0 2 3
2 Mikko Koivu Michael Rupp Dustin Brown 30 0 2 3
3 Derek Stepan Jussi Jokinen Eric Fehr 22 0 2 3
4 James Wright Fredrik Sjostrom Lee Stempniak 10 0 2 3
5 vs 5 Defense
Defense Defense Time % Phy DF OF
1 Anton Volchenkov Tyler Myers 35 1 2 2
2 Marco Scandella Michal Rozsival 35 1 2 2
3 Dmitri Kalinin Eric Gelinas 30 1 2 2
4 Eric Gelinas Anton Volchenkov 0 1 2 2
PowerPlay Forward
Center Left Wing Right Wing Time % Phy DF OF
1 Derek Roy Benoit Pouliot Dustin Brown 60 0 0 5
2 Derek Stepan Jussi Jokinen Blake Wheeler 40 0 0 5
PowerPlay Defense
Defense Defense Time % Phy DF OF
1 Anton Volchenkov Dmitri Kalinin 60 1 1 3
2 Marco Scandella Michal Rozsival 40 1 1 3
Penalty Kill 4 Players Forward
Center Wing Time % Phy DF OF
1 Derek Roy Blake Wheeler 60 1 3 1
2 Dustin Brown Michael Rupp 40 1 3 1
Penalty Kill 4 Players Defense
Defense Defense Time % Phy DF OF
1 Tyler Myers Dmitri Kalinin 60 1 4 0
2 Anton Volchenkov Michal Rozsival 40 1 4 0
Penalty Kill - 3 Players Forward
Forward Time % Phy DF OF
1 Blake Wheeler 60 0 4 1
2 Dustin Brown 40 1 3 1
Penalty Kill - 3 Players Defense
Defense Defense Time % Phy DF OF
1 Tyler Myers Dmitri Kalinin 60 1 4 0
2 Marco Scandella Anton Volchenkov 40 1 4 0
4 vs 4 Forward
Center Wing Time % Phy DF OF
1 Derek Roy Benoit Pouliot 60 1 2 2
2 Mikko Koivu Dustin Brown 40 1 2 2
4 vs 4 Defense
Defense Defense Time % Phy DF OF
1 Anton Volchenkov Michal Rozsival 60 1 2 2
2 Dmitri Kalinin Marco Scandella 40 1 2 2
Last Minutes Offensive
Center Left Wing Right Wing Defense Defense
Derek Roy Benoit Pouliot Dustin Brown Dmitri Kalinin Anton Volchenkov
Last Minutes Defensive
Center Left Wing Right Wing Defense Defense
Derek Roy Blake Wheeler Dustin Brown Dmitri Kalinin Anton Volchenkov
Goaltenders
Starting : Jacob Markstrom
Backup : Kari Lehtonen
Extra Forwards
Normal : Derek Roy, Dustin Brown, Benoit Pouliot - PP : Derek Roy, Dustin Brown - PK : Dustin Brown
Extra Defensemen
Normal : Anton Volchenkov, Marco Scandella, Dmitri Kalinin - PP : Anton Volchenkov - PK : Marco Scandella, Anton Volchenkov
Penalty Shots
Derek Roy, Dustin Brown, Benoit Pouliot, Blake Wheeler, Jussi Jokinen
% Time on Ice - Blackhawks
Lines # - Real PCT - Wanted PCT - Time Play
Normal Forward
1 - 37% - 40% - 17:21
2 - 23% - 30% - 10:56
3 - 26% - 20% - 12:06
4 - 14% - 10% - 6:50
Normal Defense
1 - 36% - 40% - 16:54
2 - 42% - 30% - 19:50
3 - 17% - 20% - 8:10
4 - 5% - 10% - 2:19
PP Forward
1 - 46% - 60% - 3:10
2 - 54% - 40% - 3:39
PP Defense
1 - 51% - 60% - 3:29
2 - 49% - 40% - 3:20
PK Forward
1 - 79% - 60% - 4:43
2 - 21% - 40% - 1:15
PK Defense
1 - 48% - 60% - 2:51
2 - 52% - 40% - 3:07
PK3 Forward
1 - 0% - 60%
2 - 0% - 40%
PK3 Defense
1 - 0% - 60%
2 - 0% - 40%
44 Forward
1 - 0% - 60%
2 - 0% - 40%
44 Defense
1 - 0% - 60%
2 - 0% - 40%
Last Minute Offensive - 0:00
Last Minute Defensive - 0:00
Total
Forward - 60:00
Defense - 60:00
|
% Time on Ice - Jets
Lines # - Real PCT - Wanted PCT - Time Play
Normal Forward
1 - 34% - 38% - 16:05
2 - 30% - 30% - 13:56
3 - 21% - 22% - 9:57
4 - 15% - 10% - 7:15
Normal Defense
1 - 35% - 35% - 16:44
2 - 35% - 35% - 16:43
3 - 29% - 30% - 13:46
4 - 0% - 0% - 0:00
PP Forward
1 - 51% - 60% - 3:02
2 - 49% - 40% - 2:56
PP Defense
1 - 55% - 60% - 3:18
2 - 45% - 40% - 2:40
PK Forward
1 - 69% - 60% - 4:43
2 - 31% - 40% - 2:06
PK Defense
1 - 61% - 60% - 4:11
2 - 39% - 40% - 2:38
PK3 Forward
1 - 0% - 60%
2 - 0% - 40%
PK3 Defense
1 - 0% - 60%
2 - 0% - 40%
44 Forward
1 - 0% - 60%
2 - 0% - 40%
44 Defense
1 - 0% - 60%
2 - 0% - 40%
Last Minute Offensive - 0:00
Last Minute Defensive - 0:00
Total
Forward - 60:00
Defense - 60:00
|
Play by Play
1st period
0:01 of 1st period - Derick Brassard wins face-off versus Derek Roy in neutral zone.
0:17 of 1st period - Minor Penalty to Blake Wheeler for Holding Stick.
0:18 of 1st period - Derick Brassard wins face-off versus Derek Roy in Jets zone.
0:18 of 1st period - Snap shot by Patrick Kane.
0:18 of 1st period - Stopped by Jacob Markstrom without a rebound.
0:19 of 1st period - Derek Roy wins face-off versus Derick Brassard in Jets zone.
0:50 of 1st period - Wrist shot by Jonathan Toews.
0:50 of 1st period - Shot Misses the Net.
1:32 of 1st period - Antoine Roussel is hit by Benoit Pouliot and loses puck.
2:09 of 1st period - Ryan Hollweg is hit by Tyler Myers and loses puck.
2:17 of 1st period - Penalty to Blake Wheeler is over, Blake Wheeler is back on ice.
2:22 of 1st period - Patrick Kane is hit by Derek Stepan and loses puck.
2:33 of 1st period - Snap shot by Derek Stepan.
2:33 of 1st period - Stopped by Jimmy Howard without a rebound.
2:34 of 1st period - Brian Sutherby wins face-off versus James Wright in Blackhawks zone.
2:41 of 1st period - Snap shot by Joni Pitkanen.
2:41 of 1st period - Stopped by Jacob Markstrom with a rebound.
2:43 of 1st period - Slapshot by Joni Pitkanen.
2:43 of 1st period - Shot Misses the Net.
3:17 of 1st period - Off-side.
3:18 of 1st period - Mikko Koivu wins face-off versus Jonathan Toews in neutral zone.
4:03 of 1st period - Slapshot by Blake Wheeler.
4:03 of 1st period - Stopped by Jimmy Howard with a rebound.
4:05 of 1st period - Snap shot by Benoit Pouliot.
4:05 of 1st period - Deflect By Derek Roy.
4:05 of 1st period - Shot Misses the Net.
4:05 of 1st period - Puck is out of play.
4:06 of 1st period - Mikko Koivu wins face-off versus Peter Regin in Blackhawks zone.
4:31 of 1st period - Wrist shot by Patrick Kaleta.
4:31 of 1st period - Stopped by Jacob Markstrom without a rebound.
4:32 of 1st period - Jonathan Toews wins face-off versus Derek Roy in Jets zone.
5:04 of 1st period - Snap shot by Derek Roy.
5:04 of 1st period - Stopped by Jimmy Howard without a rebound.
5:05 of 1st period - Mikko Koivu wins face-off versus Derick Brassard in Blackhawks zone.
5:06 of 1st period - Wrist shot by Dustin Brown.
5:06 of 1st period - Shot Blocked by Derick Brassard.
5:08 of 1st period - Slapshot by Dmitri Kalinin.
5:08 of 1st period - Stopped by Jimmy Howard without a rebound.
5:09 of 1st period - Derick Brassard wins face-off versus Dustin Brown in Blackhawks zone.
5:23 of 1st period - Snap shot by Michael Rupp.
5:23 of 1st period - Stopped by Jimmy Howard without a rebound.
5:24 of 1st period - Jonathan Toews wins face-off versus Derek Roy in Blackhawks zone.
6:11 of 1st period - Peter Regin is hit by Dustin Brown and loses puck.
6:33 of 1st period - Carson Mcmillan is hit by Dmitri Kalinin and loses puck.
7:40 of 1st period - Michael Rupp is hit by Peter Regin and loses puck.
7:59 of 1st period - Slapshot by Antoine Roussel.
7:59 of 1st period - Shot Misses the Net.
8:05 of 1st period - Snap shot by Derick Brassard.
8:05 of 1st period - Shot Misses the Net.
8:30 of 1st period - Snap shot by James Wright.
8:30 of 1st period - Shot Misses the Net.
8:40 of 1st period - Tyler Myers is hit by Brendan Bell and loses puck.
8:45 of 1st period - Slapshot by Oleg Saprykin.
8:45 of 1st period - Stopped by Jacob Markstrom without a rebound.
8:46 of 1st period - Antoine Roussel wins face-off versus Derek Roy in Jets zone.
9:01 of 1st period - Slapshot by Patrick Kane.
9:01 of 1st period - Stopped by Jacob Markstrom with a rebound.
9:03 of 1st period - Wrist shot by Patrick Kane.
9:03 of 1st period - Stopped by Jacob Markstrom without a rebound.
9:04 of 1st period - Mikko Koivu wins face-off versus Jonathan Toews in Jets zone.
9:16 of 1st period - Off-side.
9:17 of 1st period - Derick Brassard wins face-off versus Derek Roy in neutral zone.
9:29 of 1st period - Slapshot by Blake Wheeler.
9:29 of 1st period - Stopped by Jimmy Howard without a rebound.
9:30 of 1st period - Derek Roy wins face-off versus Derick Brassard in Blackhawks zone.
9:33 of 1st period - Slapshot by Derek Roy.
9:33 of 1st period - Stopped by Jimmy Howard with a rebound.
9:35 of 1st period - Slapshot by Dmitri Kalinin.
9:35 of 1st period - Deflect By Blake Wheeler.
9:35 of 1st period - Shot Misses the Net.
9:35 of 1st period - Puck is out of play.
9:36 of 1st period - Derick Brassard wins face-off versus Derek Roy in Blackhawks zone.
9:36 of 1st period - Antoine Roussel is hit by Benoit Pouliot and loses puck.
10:11 of 1st period - Icing by Joni Pitkanen.
10:12 of 1st period - Mikko Koivu wins face-off versus Patrick Kane in Blackhawks zone.
10:37 of 1st period - Derick Brassard is hit by Anton Volchenkov and loses puck.
10:59 of 1st period - Wrist shot by Derick Brassard.
10:59 of 1st period - Shot Misses the Net.
11:01 of 1st period - Slapshot by Ian White.
11:01 of 1st period - Stopped by Jacob Markstrom with a rebound.
11:35 of 1st period - Wrist shot by Patrick Kane.
11:35 of 1st period - Goal by Patrick Kane - Blackhawks : 1 - Jets : 0.
11:36 of 1st period - Jonathan Toews wins face-off versus Mikko Koivu in neutral zone.
11:41 of 1st period - Wrist shot by Michael Rupp.
11:41 of 1st period - Shot Misses the Net.
11:43 of 1st period - Slapshot by Michal Rozsival.
11:43 of 1st period - Deflect By Dustin Brown.
11:43 of 1st period - Shot Misses the Net.
11:43 of 1st period - Puck is out of play.
11:44 of 1st period - Mikko Koivu wins face-off versus Jonathan Toews in Blackhawks zone.
11:47 of 1st period - Snap shot by Michael Rupp.
11:47 of 1st period - Shot Blocked by Denis Grebeshkov.
11:49 of 1st period - Wrist shot by Michael Rupp.
11:49 of 1st period - Goal by Michael Rupp - Blackhawks : 1 - Jets : 1.
11:50 of 1st period - Jonathan Toews wins face-off versus Mikko Koivu in neutral zone.
11:57 of 1st period - Snap shot by Jason Pominville.
11:57 of 1st period - Shot Blocked by Michal Rozsival.
12:24 of 1st period - Snap shot by Jussi Jokinen.
12:24 of 1st period - Shot Blocked by Peter Regin.
14:11 of 1st period - Snap shot by James Wright.
14:11 of 1st period - Stopped by Jimmy Howard with a rebound.
14:34 of 1st period - Snap shot by Derick Brassard.
14:34 of 1st period - Stopped by Jacob Markstrom with a rebound.
15:04 of 1st period - Snap shot by Derek Roy.
15:04 of 1st period - Stopped by Jimmy Howard with a rebound.
15:06 of 1st period - Snap shot by Tyler Myers.
15:06 of 1st period - Deflect By Blake Wheeler.
15:06 of 1st period - Shot Misses the Net.
15:06 of 1st period - Puck is out of play.
15:07 of 1st period - Michael Rupp wins face-off versus Peter Regin in Blackhawks zone.
15:10 of 1st period - Snap shot by Mikko Koivu.
15:10 of 1st period - Shot Blocked by Ian White.
16:21 of 1st period - Snap shot by Mikko Koivu.
16:21 of 1st period - Deflect By Dustin Brown.
16:21 of 1st period - Shot Blocked by Denis Grebeshkov.
16:21 of 1st period - Denis Grebeshkov from Blackhawks is injured at 16:21 of 1st period (Facial Surgery).
16:22 of 1st period - Derek Roy wins face-off versus Jonathan Toews in Blackhawks zone.
16:35 of 1st period - Wrist shot by Ryan Hollweg.
16:35 of 1st period - Shot Misses the Net.
16:37 of 1st period - Snap shot by Jonathan Toews.
16:37 of 1st period - Goal by Jonathan Toews - Blackhawks : 2 - Jets : 1.
16:38 of 1st period - Ryan Hollweg wins face-off versus Derek Stepan in neutral zone.
16:41 of 1st period - Snap shot by Jason Pominville.
16:41 of 1st period - Shot Blocked by Dmitri Kalinin.
17:24 of 1st period - Slapshot by Ian White.
17:24 of 1st period - Shot Blocked by Tyler Myers.
17:43 of 1st period - Backhand shot by Jussi Jokinen.
17:43 of 1st period - Stopped by Jimmy Howard with a rebound.
18:18 of 1st period - Slapshot by Michal Rozsival.
18:18 of 1st period - Stopped by Jimmy Howard with a rebound.
18:28 of 1st period - Jonathan Toews is hit by Mikko Koivu and loses puck.
18:53 of 1st period - Snap shot by Jonathan Toews.
18:53 of 1st period - Shot Misses the Net.
18:55 of 1st period - Wrist shot by Ryan Hollweg.
18:55 of 1st period - Deflect By Jason Pominville.
18:55 of 1st period - Stopped by Jacob Markstrom without a rebound.
18:56 of 1st period - Derek Roy wins face-off versus Derick Brassard in Jets zone.
18:56 of 1st period - Derek Roy is hit by Patrick Kane.
19:04 of 1st period - Wrist shot by Benoit Pouliot.
19:04 of 1st period - Shot Misses the Net.
19:06 of 1st period - Wrist shot by Benoit Pouliot.
19:06 of 1st period - Stopped by Jimmy Howard without a rebound.
19:07 of 1st period - Derek Roy wins face-off versus Derick Brassard in Blackhawks zone.
19:18 of 1st period - Wrist shot by Derick Brassard.
19:18 of 1st period - Stopped by Jacob Markstrom without a rebound.
19:19 of 1st period - Derick Brassard wins face-off versus Derek Stepan in Jets zone.
19:24 of 1st period - Snap shot by Eric Fehr.
19:24 of 1st period - Stopped by Jimmy Howard with a rebound.
19:34 of 1st period - Snap shot by Patrick Kane.
19:34 of 1st period - Stopped by Jacob Markstrom without a rebound.
19:35 of 1st period - Derek Roy wins face-off versus Ryan Hollweg in Jets zone.
19:35 of 1st period - Derek Roy is hit by Ryan Hollweg.
19:57 of 1st period - Minor Penalty to Benoit Pouliot for Holding.
19:58 of 1st period - Derick Brassard wins face-off versus Derek Roy in Jets zone.
Goals for this period are 2 for Blackhawks vs 1 for Jets.
Shots for this period are 13 for Blackhawks vs 14 for Jets.
2nd period
0:01 of 2nd period - Derick Brassard wins face-off versus Derek Roy in neutral zone.
1:04 of 2nd period - Anton Volchenkov is hit by Jonathan Toews and loses puck.
1:25 of 2nd period - Mikko Koivu is hit by Patrick Kane.
1:57 of 2nd period - Penalty to Benoit Pouliot is over, Benoit Pouliot is back on ice.
2:13 of 2nd period - Backhand shot by Dmitri Kalinin.
2:13 of 2nd period - Stopped by Jimmy Howard with a rebound.
2:31 of 2nd period - Snap shot by Peter Regin.
2:31 of 2nd period - Shot Blocked by Tyler Myers.
2:40 of 2nd period - Minor Penalty to Peter Regin for Holding.
2:41 of 2nd period - Patrick Kane wins face-off versus Derek Stepan in Blackhawks zone.
3:37 of 2nd period - Icing by Eric Gelinas.
3:38 of 2nd period - Derek Stepan wins face-off versus Jason Pominville in Jets zone.
4:40 of 2nd period - Penalty to Peter Regin is over, Peter Regin is back on ice.
4:53 of 2nd period - Snap shot by Carson Mcmillan.
4:53 of 2nd period - Stopped by Jacob Markstrom without a rebound.
4:54 of 2nd period - Jonathan Toews wins face-off versus James Wright in Jets zone.
5:05 of 2nd period - Wrist shot by James Wright.
5:05 of 2nd period - Stopped by Jimmy Howard without a rebound.
5:06 of 2nd period - Derick Brassard wins face-off versus Mikko Koivu in Blackhawks zone.
5:34 of 2nd period - Snap shot by Patrick Kaleta.
5:34 of 2nd period - Stopped by Jacob Markstrom with a rebound.
5:36 of 2nd period - Snap shot by Tomas Fleischmann.
5:36 of 2nd period - Shot Misses the Net.
5:56 of 2nd period - Wrist shot by Benoit Pouliot.
5:56 of 2nd period - Stopped by Jimmy Howard without a rebound.
5:57 of 2nd period - Derek Roy wins face-off versus Jonathan Toews in Blackhawks zone.
6:04 of 2nd period - Snap shot by Blake Wheeler.
6:04 of 2nd period - Deflect By Joni Pitkanen.
6:04 of 2nd period - Shot Misses the Net.
6:04 of 2nd period - Puck is out of play.
6:05 of 2nd period - Derick Brassard wins face-off versus Derek Roy in Blackhawks zone.
6:07 of 2nd period - Minor Penalty to Derick Brassard for Hooking.
6:08 of 2nd period - Derek Roy wins face-off versus Patrick Kane in Blackhawks zone.
7:08 of 2nd period - Oleg Saprykin is hit by Benoit Pouliot and loses puck.
8:07 of 2nd period - Penalty to Derick Brassard is over, Derick Brassard is back on ice.
8:12 of 2nd period - Snap shot by Lee Stempniak.
8:12 of 2nd period - Deflect By Fredrik Sjostrom.
8:12 of 2nd period - Stopped by Jimmy Howard with a rebound.
8:59 of 2nd period - Slapshot by Joni Pitkanen.
8:59 of 2nd period - Stopped by Jacob Markstrom with a rebound.
9:11 of 2nd period - Ian White is hit by Benoit Pouliot and loses puck.
10:12 of 2nd period - Tyler Myers is hit by Dave Tanabe and loses puck.
11:08 of 2nd period - Dmitri Kalinin is hit by Derick Brassard and loses puck.
11:19 of 2nd period - Wrist shot by Fredrik Sjostrom.
11:19 of 2nd period - Stopped by Jimmy Howard with a rebound.
11:47 of 2nd period - Wrist shot by Dustin Brown.
11:47 of 2nd period - Shot Misses the Net.
11:49 of 2nd period - Wrist shot by Mikko Koivu.
11:49 of 2nd period - Stopped by Jimmy Howard with a rebound.
12:54 of 2nd period - Derick Brassard is hit by Derek Roy and loses puck.
13:10 of 2nd period - Patrick Kane is hit by Jussi Jokinen and loses puck.
13:33 of 2nd period - Tomas Fleischmann is hit by Tyler Myers and loses puck.
13:53 of 2nd period - Icing by Blake Wheeler.
13:54 of 2nd period - Derek Stepan wins face-off versus Derick Brassard in Jets zone.
14:04 of 2nd period - Derek Stepan is hit by Jason Pominville and loses puck.
14:13 of 2nd period - Minor Penalty to Jussi Jokinen for Unsportsmanlike conduct.
14:14 of 2nd period - Antoine Roussel wins face-off versus Derek Roy in Jets zone.
15:21 of 2nd period - Michael Rupp is hit by Ian White and loses puck.
16:13 of 2nd period - Penalty to Jussi Jokinen is over, Jussi Jokinen is back on ice.
16:19 of 2nd period - Slapshot by Jussi Jokinen.
16:19 of 2nd period - Stopped by Jimmy Howard without a rebound.
16:20 of 2nd period - Derek Stepan wins face-off versus Patrick Kaleta in Blackhawks zone.
16:27 of 2nd period - Wrist shot by Derek Stepan.
16:27 of 2nd period - Stopped by Jimmy Howard with a rebound.
16:29 of 2nd period - Snap shot by Derek Stepan.
16:29 of 2nd period - Stopped by Jimmy Howard without a rebound.
16:30 of 2nd period - Mikko Koivu wins face-off versus Peter Regin in Blackhawks zone.
16:37 of 2nd period - Snap shot by Mikko Koivu.
16:37 of 2nd period - Stopped by Jimmy Howard without a rebound.
16:38 of 2nd period - Peter Regin wins face-off versus Mikko Koivu in Blackhawks zone.
17:20 of 2nd period - Wrist shot by Michael Rupp.
17:20 of 2nd period - Stopped by Jimmy Howard without a rebound.
17:21 of 2nd period - Derek Roy wins face-off versus Derick Brassard in Blackhawks zone.
17:28 of 2nd period - Antoine Roussel is hit by Derek Roy and loses puck.
17:35 of 2nd period - Slapshot by Derek Roy.
17:35 of 2nd period - Shot Misses the Net.
17:37 of 2nd period - Wrist shot by Blake Wheeler.
17:37 of 2nd period - Stopped by Jimmy Howard with a rebound.
18:11 of 2nd period - Snap shot by Eric Fehr.
18:11 of 2nd period - Shot Misses the Net.
18:38 of 2nd period - Snap shot by Jonathan Toews.
18:38 of 2nd period - Deflect By Ryan Hollweg.
18:38 of 2nd period - Stopped by Jacob Markstrom with a rebound.
18:40 of 2nd period - Slapshot by Kurt Sauer.
18:40 of 2nd period - Stopped by Jacob Markstrom without a rebound.
18:41 of 2nd period - Jason Pominville wins face-off versus Derek Roy in Jets zone.
18:54 of 2nd period - Snap shot by Jonathan Toews.
18:54 of 2nd period - Shot Misses the Net.
18:56 of 2nd period - Wrist shot by Jonathan Toews.
18:56 of 2nd period - Shot Misses the Net.
19:06 of 2nd period - Peter Regin is hit by Mikko Koivu and loses puck.
19:25 of 2nd period - Snap shot by Oleg Saprykin.
19:25 of 2nd period - Stopped by Jacob Markstrom with a rebound.
19:27 of 2nd period - Wrist shot by Oleg Saprykin.
19:27 of 2nd period - Shot Misses the Net.
19:29 of 2nd period - Wrist shot by Oleg Saprykin.
19:29 of 2nd period - Shot Misses the Net.
19:45 of 2nd period - Derek Stepan is hit by Ryan Hollweg and loses puck.
0:00 of 3rd period - Minor Penalty to Kurt Sauer for Hooking.
Goals for this period are 0 for Blackhawks vs 0 for Jets.
Shots for this period are 6 for Blackhawks vs 12 for Jets.
3rd period
0:01 of 3rd period - Derek Roy wins face-off versus Patrick Kane in neutral zone.
0:37 of 3rd period - Jussi Jokinen is hit by Ian White and loses puck.
1:15 of 3rd period - Dustin Brown is hit by Dave Tanabe.
1:33 of 3rd period - Brendan Bell is hit by Benoit Pouliot and loses puck.
2:00 of 3rd period - Penalty to Kurt Sauer is over, Kurt Sauer is back on ice.
2:04 of 3rd period - Wrist shot by Kurt Sauer.
2:04 of 3rd period - Stopped by Jacob Markstrom without a rebound.
2:05 of 3rd period - Mikko Koivu wins face-off versus Peter Regin in Jets zone.
2:05 of 3rd period - Mikko Koivu is hit by Patrick Kaleta.
2:14 of 3rd period - Off-side.
2:15 of 3rd period - Mikko Koivu wins face-off versus Peter Regin in neutral zone.
3:01 of 3rd period - Eric Gelinas is hit by Ian White and loses puck.
3:09 of 3rd period - Dmitri Kalinin is hit by Ian White and loses puck.
3:28 of 3rd period - Snap shot by Patrick Kane.
3:28 of 3rd period - Shot Blocked by Fredrik Sjostrom.
3:30 of 3rd period - Slapshot by Antoine Roussel.
3:30 of 3rd period - Stopped by Jacob Markstrom without a rebound.
3:31 of 3rd period - Derick Brassard wins face-off versus Mikko Koivu in Jets zone.
3:38 of 3rd period - Slapshot by Dustin Brown.
3:38 of 3rd period - Stopped by Jimmy Howard with a rebound.
3:40 of 3rd period - Snap shot by Michal Rozsival.
3:40 of 3rd period - Deflect By Dustin Brown.
3:40 of 3rd period - Shot Blocked by Dave Tanabe.
3:40 of 3rd period - Puck is out of play.
3:41 of 3rd period - Mikko Koivu wins face-off versus Derick Brassard in Blackhawks zone.
3:46 of 3rd period - Wrist shot by Michael Rupp.
3:46 of 3rd period - Shot Blocked by Brendan Bell.
3:48 of 3rd period - Snap shot by Mikko Koivu.
3:48 of 3rd period - Shot Misses the Net.
3:50 of 3rd period - Slapshot by Marco Scandella.
3:50 of 3rd period - Stopped by Jimmy Howard without a rebound.
3:51 of 3rd period - Derick Brassard wins face-off versus Derek Roy in Blackhawks zone.
4:21 of 3rd period - Dave Tanabe is hit by Derek Roy and loses puck.
4:51 of 3rd period - Snap shot by Benoit Pouliot.
4:51 of 3rd period - Shot Misses the Net.
4:53 of 3rd period - Snap shot by Benoit Pouliot.
4:53 of 3rd period - Shot Blocked by Patrick Kane.
4:55 of 3rd period - Snap shot by Benoit Pouliot.
4:55 of 3rd period - Shot Misses the Net.
4:57 of 3rd period - Wrist shot by Blake Wheeler.
4:57 of 3rd period - Stopped by Jimmy Howard with a rebound.
5:42 of 3rd period - Icing by Dave Tanabe.
5:43 of 3rd period - Mikko Koivu wins face-off versus Derick Brassard in Blackhawks zone.
5:48 of 3rd period - Slapshot by Dustin Brown.
5:48 of 3rd period - Shot Misses the Net.
5:50 of 3rd period - Snap shot by Marco Scandella.
5:50 of 3rd period - Stopped by Jimmy Howard without a rebound.
5:51 of 3rd period - Mikko Koivu wins face-off versus Jonathan Toews in Blackhawks zone.
6:01 of 3rd period - Minor Penalty to Dustin Brown for Tripping.
6:02 of 3rd period - Mikko Koivu wins face-off versus Jonathan Toews in Jets zone.
6:28 of 3rd period - Jonathan Toews is hit by Mikko Koivu and loses puck.
6:53 of 3rd period - Wrist shot by Patrick Kaleta.
6:53 of 3rd period - Goal by Patrick Kaleta - Blackhawks : 3 - Jets : 1.
6:54 of 3rd period - Jonathan Toews wins face-off versus Derek Roy in neutral zone.
6:57 of 3rd period - Benoit Pouliot is hit by Ryan Hollweg and loses puck.
7:32 of 3rd period - Snap shot by Derek Roy.
7:32 of 3rd period - Deflect By Benoit Pouliot.
7:32 of 3rd period - Shot Misses the Net.
7:32 of 3rd period - Puck is out of play.
7:33 of 3rd period - Mikko Koivu wins face-off versus Derick Brassard in Blackhawks zone.
7:42 of 3rd period - Slapshot by Michael Rupp.
7:42 of 3rd period - Stopped by Jimmy Howard without a rebound.
7:43 of 3rd period - Derick Brassard wins face-off versus Mikko Koivu in Blackhawks zone.
7:58 of 3rd period - Snap shot by Patrick Kane.
7:58 of 3rd period - Shot Blocked by Dmitri Kalinin.
8:30 of 3rd period - Snap shot by Dustin Brown.
8:30 of 3rd period - Shot Blocked by Ian White.
8:48 of 3rd period - Wrist shot by Dustin Brown.
8:48 of 3rd period - Stopped by Jimmy Howard without a rebound.
8:49 of 3rd period - Jonathan Toews wins face-off versus Derek Roy in Blackhawks zone.
9:01 of 3rd period - Icing by Derek Roy.
9:02 of 3rd period - Derek Roy wins face-off versus Jonathan Toews in Jets zone.
9:02 of 3rd period - Derek Roy is hit by Dave Tanabe.
9:44 of 3rd period - Kurt Sauer is hit by Michal Rozsival and loses puck.
10:37 of 3rd period - Snap shot by Benoit Pouliot.
10:37 of 3rd period - Shot Hit the Post.
10:39 of 3rd period - Slapshot by Marco Scandella.
10:39 of 3rd period - Shot Blocked by Kurt Sauer.
10:41 of 3rd period - Slapshot by Blake Wheeler.
10:41 of 3rd period - Stopped by Jimmy Howard without a rebound.
10:42 of 3rd period - Mikko Koivu wins face-off versus Jonathan Toews in Blackhawks zone.
10:57 of 3rd period - Slapshot by Jonathan Toews.
10:57 of 3rd period - Shot Blocked by Anton Volchenkov.
11:39 of 3rd period - Wrist shot by Patrick Kane.
11:39 of 3rd period - Stopped by Jacob Markstrom without a rebound.
11:40 of 3rd period - Mikko Koivu wins face-off versus Jonathan Toews in Jets zone.
11:45 of 3rd period - Snap shot by Mikko Koivu.
11:45 of 3rd period - Shot Misses the Net.
12:33 of 3rd period - Eric Gelinas is hit by Joni Pitkanen and loses puck.
12:55 of 3rd period - Off-side.
12:56 of 3rd period - Peter Regin wins face-off versus Jussi Jokinen in neutral zone.
13:07 of 3rd period - Snap shot by Jussi Jokinen.
13:07 of 3rd period - Shot Blocked by Dave Tanabe.
13:09 of 3rd period - Slapshot by Eric Fehr.
13:09 of 3rd period - Stopped by Jimmy Howard with a rebound.
13:11 of 3rd period - Snap shot by Jussi Jokinen.
13:11 of 3rd period - Shot Misses the Net.
15:34 of 3rd period - Dmitri Kalinin is hit by Dave Tanabe and loses puck.
15:39 of 3rd period - Wrist shot by Carson Mcmillan.
15:39 of 3rd period - Shot Misses the Net.
15:53 of 3rd period - Dmitri Kalinin is hit by Patrick Kaleta and loses puck.
16:36 of 3rd period - Ian White is hit by Derek Roy and loses puck.
16:55 of 3rd period - Fredrik Sjostrom is hit by Brendan Bell and loses puck.
17:16 of 3rd period - Eric Gelinas is hit by Peter Regin and loses puck.
17:21 of 3rd period - Slapshot by Peter Regin.
17:21 of 3rd period - Stopped by Jacob Markstrom with a rebound.
17:23 of 3rd period - Backhand shot by Patrick Kaleta.
17:23 of 3rd period - Shot Blocked by Eric Fehr.
17:37 of 3rd period - Dmitri Kalinin is hit by Kurt Sauer and loses puck.
17:42 of 3rd period - Snap shot by Patrick Kane.
17:42 of 3rd period - Stopped by Jacob Markstrom without a rebound.
17:43 of 3rd period - Derek Roy wins face-off versus Brian Sutherby in Jets zone.
17:53 of 3rd period - Icing by Carson Mcmillan.
17:54 of 3rd period - Derek Stepan wins face-off versus Brian Sutherby in Blackhawks zone.
18:49 of 3rd period - Wrist shot by Benoit Pouliot.
18:49 of 3rd period - Stopped by Jimmy Howard with a rebound.
19:17 of 3rd period - Dave Tanabe is hit by Derek Stepan.
19:20 of 3rd period - Off-side.
19:21 of 3rd period - Derick Brassard wins face-off versus Mikko Koivu in neutral zone.
19:47 of 3rd period - Slapshot by Derek Stepan.
19:47 of 3rd period - Shot Blocked by Joni Pitkanen.
Goals for this period are 1 for Blackhawks vs 0 for Jets.
Shots for this period are 6 for Blackhawks vs 9 for Jets.
Back to the Top